cohdb
Replays
Latest Replays
All Replays
Popular Replays
Top Player Replays
Match Explorer
How It Works
Community
CoH3 Stats
Reddit
Sign in to upload your games and track your stats! →
Sign in with Steam
Match 43489979
Unlisted
Match 43489979
Overview
Messages
Build Orders
End
Construct Infanterie Kompanie
Kettenkrad Recon Vehicle
Selects Mechanized Battlegroup
MG 42 Machine Gun Team
Grenadier Squad
GrW 34 Mortar Team
Grenadier Squad
Medical Station
Construct Luftwaffe Kompanie
221 Scout Car
Jäger Squad
Jäger Squad
Support Elements
Marder III M Tank Destroyer
GrW 34 Mortar Team
GrW 34 Mortar Team
Kettenkrad Recon Vehicle
Wirbelwind Flakpanzer
mickmike
robwarrior
0
0
Comments
sign in to comment!
No comments posted yet!